 Dungeon Crawl Stone Soup version 0.30.0-29-ga12c61a403 (webtiles) character file.

Game seed: 4560132412974453788

425000 Nicoed the Axe Maniac (level 22, -11/163 HPs)
             Began as a Minotaur Fighter on June 15, 2023.
             Was the Champion of Okawaru.
             Killed from afar by a wretched star (24 damage)
             ... with a lance of force
             ... summoned by an orange crystal statue
             ... on level 3 of the Abyss.
             The game lasted 01:53:45 (41145 turns).

Nicoed the Axe Maniac (Minotaur Fighter)           Turns: 41145, Time: 01:53:46

Health: -11/163    AC: 38    Str: 31    XL:     22   Next: 41%
Magic:  0/29       EV:  7    Int: -4 (1) God:    Okawaru [******]
Gold:   818        SH: 25    Dex:  9    Spells: 21/21 levels left

rFire   . . .        V - +16 obsidian axe {drain, demonic, Mesm Drain Fly SInv}
rCold   + . .        D - +0 tower shield {AC+3}
rNeg    + + +        a - +8 gold dragon scales
rPois   +            X - +2 hat {Will+}
rElec   .            E - scarf "Vemeh" {shadows, rN+ Str+2 Slay+3}
rCorr   +            T - +2 pair of gloves
SInv    +            Q - +0 pair of boots of the Shore {Will+ Regen+}
Will    ++++.        d - brooch of Shielding {Spirit SH+8} Stlth
                     C - ring of Qeronloh {rF+ rN++ MP+9 Str+2 Dex+2}
HPRegen 0.00/turn    U - ring of Mistrust {rN+ Will+ rCorr}
MPRegen 0.21/turn

%: random rage (9%), guardian spirit
@: on berserk cooldown, flying, mesmerised, inhibited regen, slowed, lost
intelligence, unable to read, unable to drink, very slow
A: horns 2, retaliatory headbutt, clumsy 2, inhibited regeneration, [berserk 2],
[deformed body], deterioration 1[+1], dopey 1[+1], frail 2[+1], [low MP 3],
screaming 1[+1], ([teleportitis 1]), [weak 2], [no potion heal 2], [heat
vulnerability 2], subdued magic 1[+2], [inability to drink after injury 2],
inability to read after injury 1[+1]
}: 3/15 runes: decaying, serpentine, slimy
a: Renounce Religion, Heroism, Finesse, Duel


You were on level 3 of the Abyss.
You worshipped Okawaru.
Okawaru was exalted by your worship.
You visited 8 branches of the dungeon, and saw 42 of its levels.
You visited the Abyss 1 time.
You visited 1 bazaar.
You also visited: Ice Cave and Volcano.

You collected 7455 gold pieces.
You spent 6637 gold pieces at shops.

Inventory:

Hand Weapons
 y - the +8 lance "Wyrmbane" {slay drac, rPois rF+ rC+ AC+3}
   (You found it on level 3 of the Elven Halls)

   AC:        It affects your AC (+3).
   rF:        It protects you from fire.
   rC:        It protects you from cold.
   rPois:     It protects you from poison.
 F - the +11 executioner's axe of the Old World {flame, MP+9}
   (Okawaru gifted it to you on level 1 of the Orcish Mines)

   MP:        It affects your magic capacity (+9).
 V - the +16 obsidian axe (weapon) {drain, demonic, Mesm Drain Fly SInv}
   (Okawaru gifted it to you on level 5 of the Lair of Beasts)

   Mesm:      Its wielder is mesmerised by any visible foes, and it cannot be
   unequipped while any foes are visible.
   SInv:      It lets you see invisible.
   Fly:       It grants you flight.
   Drain:     It drains your maximum health when unequipped.
Missiles
 N - 6 curare-tipped darts (quivered)
Armour
 a - +8 gold dragon scales (worn)
 b - the +0 crystal plate armour of Mezcal {rC+ Will+ Int+5 Stlth+}
   (Okawaru gifted it to you on level 2 of the Lair of Beasts)

   Int:       It affects your intelligence (+5).
   rC:        It protects you from cold.
   Will:      It increases your willpower.
   Stlth:     It makes you more stealthy.
 p - a +0 tower shield of cold resistance
 D - a +0 tower shield of protection (worn)
 E - the scarf "Vemeh" (worn) {shadows, rN+ Str+2 Slay+3}
   (Okawaru gifted it to you on level 2 of the Abyss)

   Str:       It affects your strength (+2).
   Slay:      It affects your accuracy & damage with ranged weapons and melee
   (+3).
   rN:        It protects you from negative energy.
 Q - the +0 pair of boots of the Shore (worn) {Will+ Regen+}
   (You bought it in a shop on level 1 of the Orcish Mines)

   Regen:     It increases your rate of health regeneration.
   Will:      It increases your willpower.
 T - a +2 pair of gloves (worn)
 X - a +2 hat of willpower (worn)
 Z - a scarf of resistance
Jewellery
 d - the brooch of Shielding (around neck) {Spirit SH+8}
   (You bought it in a shop in a bazaar)

   [amulet of guardian spirit]

   It causes incoming damage to be divided between your reserves of health and
   magic.
   SH:        It affects your SH (+8).
 q - the ring "Xawkov Joupn" {rF+ Dex+4 SInv}
   (You found it on level 5 of the Pits of Slime)

   [ring of protection from fire]

   Dex:       It affects your dexterity (+4).
   rF:        It protects you from fire.
   SInv:      It lets you see invisible.
 x - the amulet "Yxkof" {Fly rN+++ Will- Regen+ Dex-2}
   (You acquired it on level 1 of the Snake Pit)

   [amulet of regeneration]

   Dex:       It affects your dexterity (-2).
   rN:        It renders you almost immune to negative energy.
   Fly:       It grants you flight.
   Regen:     It increases your rate of health regeneration.
   Will:      It decreases your willpower.
 C - the ring of Qeronloh (left hand) {rF+ rN++ MP+9 Str+2 Dex+2}
   (You bought it in a shop in a bazaar)

   [ring of magical power]

   Str:       It affects your strength (+2).
   Dex:       It affects your dexterity (+2).
   rF:        It protects you from fire.
   rN:        It greatly protects you from negative energy.
   MP:        It affects your magic capacity (+9).
 U - the ring of Mistrust (right hand) {rN+ Will+ rCorr}
   (You bought it in a shop in a bazaar)

   [ring of resist corrosion]

   rN:        It protects you from negative energy.
   rCorr:     It protects you from acid and corrosion.
   Will:      It increases your willpower.
Wands
 w - a wand of quicksilver (46)
 J - a wand of digging (25)
 R - a wand of roots (65)
 Y - a wand of mindburst (7)
Scrolls
 c - 8 scrolls of noise
 e - 5 scrolls of amnesia
 f - 6 scrolls of blinking
 g - 4 scrolls of magic mapping
 h - 7 scrolls of immolation
 l - 5 scrolls of fear
 o - 5 scrolls of poison
 r - 2 scrolls of brand weapon
 v - 10 scrolls of enchant weapon
 B - 17 scrolls of teleportation
 H - 5 scrolls of fog
 K - 22 scrolls of identify
 L - 2 scrolls of torment
 O - a scroll of silence
Potions
 i - 3 potions of flight
 j - 7 potions of brilliance
 k - 9 potions of magic
 m - 3 potions of attraction
 n - 6 potions of heal wounds
 s - 10 potions of mutation
 t - 12 potions of haste
 u - 29 potions of curing
 z - 5 potions of lignification
 A - 5 potions of berserk rage
 G - 3 potions of cancellation
 I - 3 potions of ambrosia
 P - 5 potions of might
 S - 6 potions of invisibility
 W - 3 potions of resistance
Miscellaneous
 M - a phial of floods (inert)


   Skills:
 O Level 27 Fighting
 O Level 27 Axes
 + Level 11.5(20.8) Polearms
 + Level 24.8 Armour
 + Level 15.6 Shields
 - Level 12.0 Invocations


You had 21 spell levels left.
You didn't know any spells.
Your spell library contained the following spells:

 Spells                   Type           Power      Damage    Failure   Level
 Apportation              Tloc           0%         N/A       100%        1
 Beastly Appendage        Tmut           0%         N/A       100%        1
 Freeze                   Ice            0%         1d3       100%        1
 Kiss of Death            Conj/Necr      0%         2d5       100%        1
 Necrotise                Necr           0%         1d4       100%        1
 Sandblast                Erth           0%         2d4       100%        1
 Sting                    Tmut/Pois      0%         1d3       100%        1
 Blink                    Tloc           0%         N/A       100%        2
 Cigotuvi's Dreadful Rot  Necr/Pois/Air  0%         N/A       100%        2
 Ensorcelled Hibernation  Hex/Ice        0%         N/A       100%        2
 Lesser Beckoning         Tloc           0%         N/A       100%        2
 Momentum Strike          Conj/Tloc      0%         3d8       100%        2
 Passwall                 Tmut/Erth      0%         N/A       100%        2
 Poisonous Vapours        Pois/Air       0%         N/A       100%        2
 Sublimation of Blood     Necr           0%         N/A       100%        2
 Wereblood                Tmut           0%         N/A       100%        2
 Confusing Touch          Hex            0%         N/A       100%        3
 Frozen Ramparts          Ice            0%         1d1       100%        3
 Gell's Gravitas          Tloc           0%         N/A       100%        3
 Hailstorm                Conj/Ice       0%         3d3       100%        3
 Ignite Poison            Fire/Tmut/Pois 0%         N/A       100%        3
 Inner Flame              Hex/Fire       0%         N/A       100%        3
 Mephitic Cloud           Conj/Pois/Air  0%         N/A       100%        3
 Ozocubu's Armour         Ice            0%         N/A       100%        3
 Portal Projectile        Hex/Tloc       0%         N/A       100%        3
 Stone Arrow              Conj/Erth      0%         3d7       100%        3
 Swiftness                Air            0%         N/A       100%        3
 Teleport Other           Tloc           0%         N/A       100%        3
 Volatile Blastmotes      Fire/Tloc      0%         2d10      100%        3
 Dispel Undead            Necr           0%         3d6       100%        4
 Flame Wave               Conj/Fire      0%         2d4       100%        4
 Fulminant Prism          Conj/Hex       0%         3d5       100%        4
 Ice Form                 Ice/Tmut       0%         N/A       100%        4
 Iskenderun's Mystic Bla  Conj/Tloc      0%         2d3       100%        4
 Leda's Liquefaction      Hex/Erth       0%         N/A       100%        4
 Manifold Assault         Tloc           0%         N/A       100%        4
 Olgreb's Toxic Radiance  Pois           0%         N/A       100%        4
 Petrify                  Tmut/Erth      0%         N/A       100%        4
 Sticky Flame             Conj/Fire      0%         2d3       100%        4
 Alistair's Intoxication  Tmut/Pois      0%         N/A       100%        5
 Blade Hands              Tmut           0%         N/A       100%        5
 Freezing Cloud           Conj/Ice/Air   0%         6-21      100%        5
 Irradiate                Conj/Tmut      0%         3d11      100%        5
 Iskenderun's Battlesphe  Conj           0%         2d6       100%        5
 Lee's Rapid Deconstruct  Erth           0%         3d4*      100%        5
 Eringya's Noxious Bog    Tmut/Pois      0%         N/A       100%        6
 Iron Shot                Conj/Erth      0%         9d1       100%        6
 Statue Form              Tmut/Erth      0%         N/A       100%        6
 Orb of Destruction       Conj           0%         9d5       100%        7
 Ozocubu's Refrigeration  Ice            0%         4d7       100%        7
 Storm Form               Tmut/Air       0%         N/A       100%        7
 Discord                  Hex            0%         N/A       100%        8
 Ignition                 Fire           0%         3d3       100%        8
 Lehudib's Crystal Spear  Conj/Erth      0%         10d2      100%        8
 Maxwell's Capacitive Co  Air            0%         ∞         100%        8
 Necromutation            Tmut/Necr      0%         N/A       100%        8
 Summon Small Mammal      Summ           Unusable   N/A       N/A         1
 Summon Guardian Golem    Hex/Summ       Unusable   N/A       N/A         3
 Tukima's Dance           Hex            Unusable   N/A       N/A         3
 Animate Armour           Summ/Erth      Unusable   N/A       N/A         4
 Summon Lightning Spire   Summ/Air       Unusable   N/A       N/A         4
 Simulacrum               Ice/Necr       Unusable   N/A       N/A         6
 Spellforged Servitor     Conj/Summ      Unusable   N/A       N/A         7
 Summon Hydra             Summ           Unusable   N/A       N/A         7

Dungeon Overview and Level Annotations

Branches:
Dungeon (15/15)            Temple (0/1) D:7            Lair (5/5) D:9
  Swamp (4/4) Lair:3        Snake (4/4) Lair:2        Slime (5/5) Lair:4
    Orc (2/2) D:9             Elf (3/3) Orc:2        Vaults (0/5) D:14
 Depths (4/4) D:15            Zot (0/5) Depths:4      IceCv (visited)
Volcano (visited)

Altars:
Ashenzari
Cheibriados
Dithmenos
Fedhas
Gozag
Kikubaaqudgha
Nemelex Xobeh
Okawaru
Qazlal
Ru
Sif Muna
Trog
Vehumet
Xom
Yredelemnul
Zin
The Shining One
Jiyva
Lugonu

Shops:
D:3 (   D:4 ?![*   D:6 [   D:8 [   D:9 :   D:10 :   D:15 (   Orc:1 [
Orc:2 (:![   Elf:2 [   Elf:3 ?[!!   Snake:1 :   Snake:2 !   Depths:1 **
Depths:3 :

Portals:
Hell: Depths:1 Depths:2 Depths:3 Depths:4
Abyss: Lair:5 Depths:3
Pandemonium: Depths:2 Depths:3
Ziggurat: Depths:1

Annotations:
Depths:1 3 runed translucent doors, exclusion: obsidian statue, lmSkywalker's ghost, adept DrTm


Innate Abilities, Weirdness & Mutations

You have a pair of horns on your head.
You reflexively headbutt those who attack you in melee.
You are very clumsy. (Dex -4)
You do not regenerate when monsters are visible.
[You have an uncontrollable temper.]
[Armour fits poorly on your strangely shaped body.]
[Your body often deteriorates upon taking damage.]
[You are very dopey. (Int -4)]
[You are extremely frail. (-30% HP)]
[Your magical capacity is extremely low. (-30% MP)]
[You frequently scream uncontrollably at your foes.]
[((You are occasionally teleported next to monsters.))]
[You are very weak. (Str -4)]
[Potions cannot restore your health.]
[You are very vulnerable to heat. (rF--)]
[Your spells are much easier to cast, but much less powerful.]
[You sometimes lose the ability to drink potions when taking damage.]
[You sometimes lose the ability to read scrolls when taking damage.]


Message History

Okawaru accepts your kill.
You slice the thrashing horror!!
You destroy the thrashing horror!
Okawaru accepts your kill.
Visions of slaying the wretched star flood into your mind.
You block the thrashing horror's attack. x2
The orange crystal statue fixes its piercing gaze on you.
Something tries to feed on your intellect!
The wretched star glows turbulently.
You block the lance of force.
The thrashing horror closely misses you.
You furiously retaliate!
You headbutt the thrashing horror!
The thrashing horror tramples you but does no damage.
Unknown command.
Unknown command.
You cut the thrashing horror into ribbons!!!
Your headbutt misses the thrashing horror.
The thrashing horror is almost destroyed.
Visions of slaying the thrashing horror flood into your mind.
You block the thrashing horror's attack.
The thrashing horror tramples you but does no damage.
You block the thrashing horror's attack.
The thrashing horror tramples you but does no damage.
The orange crystal statue fixes its piercing gaze on you.
You feel your power leaking away.
The orange crystal statue glitters.
Unknown command.
You closely miss the wretched star.
Visions of slaying the wretched star flood into your mind.
A thrashing horror comes into view.
You block the thrashing horror's attack.
The thrashing horror tramples you but does no damage.
You block the thrashing horror's attack. x2
The orange crystal statue fixes its piercing gaze on you.
You feel your power leaking away.
The orange crystal statue glitters.
You resist with almost no effort.
The wretched star glows turbulently.
The lance of force hits you!!
You die...

#.#..#. ##..
.#.#..# .#. ....
.. . . #... ..
.#.# #..## #§
... #
...#..#.##.. ...
#.#@X†##.. .#
#.##⌠Z*##).X...
.##....⌠##∩[..#.
##⌠......###[#..
#§§§.....†#.#.
.#
#≈§§⌠.5.≈≈#...
##
#8≈.§.⌠.≈8#...
.# ....§§§ .. .#
... ..# .. . .


You could see 2 orange crystal statues, a wretched star (summoned, mesmerising),
2 thrashing horrors, a quasit (summoned) and an iron giant zombie (summoned).

Vanquished Creatures
  Dissolution (Slime:2)
  the Royal Jelly (Slime:5)
  the Lernaean hydra (Swamp:4)
  Vashnia (Snake:4)
  2 golden dragons (Depths:4)
  2 bone dragons
  2 tentacled monstrosities
  Jorgrun (D:14)
  A hellephant (Depths:3)
  6 liches
  3 deep elf blademasters
  2 deep elf master archers (Elf:3)
  13 acid blobs
  Frances (D:12)
  A quicksilver dragon (Depths:4)
  6 tentacled starspawn
  2 thorn hunters
  Kirke (D:15)
  A storm dragon (Depths:2)
  A fenstrider witch (Swamp:4)
  3 rockslimes
  Roxanne (D:14)
  A demonspawn warmonger (Abyss:3)
  2 shadow dragons
  8 nagarajas
  A tengu reaver (Depths:1)
  A daeva (Abyss:3)
  A draconian knight (Depths:4)
  7 fire giants
  2 deep elf sorcerers (Elf:3)
  3 azure jellies
  6 frost giants
  Louise (D:14)
  4 ghouls
  2 orc warlords (Orc:1)
  A balrug (Abyss:2)
  A draconian annihilator (Depths:4)
  A cacodemon (Abyss:3)
  6 deep elf elementalists (Elf:3)
  A spriggan defender (Depths:3)
  5 very ugly things
  2 green draconians (Depths:4)
  The ghost of polpettosauro the Thaumaturge, a journeyman HuAE of Makhleb (Lair:4)
  5 quicksilver oozes
  A reaper (Depths:3)
  The ghost of ymhsbmbesitwf the Severer, a journeyman MiBe of Trog (Lair:5)
  A demonspawn corrupter (Abyss:3)
  An ophan (Abyss:2)
  13 stone giants
  7 eleionomae
  2 red draconians (Depths:4)
  2 grey draconians (Depths:4)
  7 deep elf annihilators (Elf:3)
  2 deep elf demonologists (Elf:3)
  11 dire elephants (Depths:3)
  7 bunyips
  2 spark wasps (Depths:2)
  2 purple draconians (Depths:4)
  4 crystal guardians (Depths:2)
  2 merfolk impalers (Depths:2)
  Josephine (D:11)
  3 ettins (Depths:2)
  10 deep elf death magi
  2 deep elf high priests (Elf:3)
  A great orb of eyes (shapeshifter) (Abyss:1)
  A fenstrider witch zombie (Abyss:2)
  5 fire dragons
  22 hydras
  A salamander tyrant (Snake:4)
  2 entropy weavers (shapeshifter)
  2 rakshasas
  4 spriggan air magi
  3 great orbs of eyes
  8 vault guards
  Erolcha (Orc:2)
  5 ice dragons
  5 two-headed ogres (D:15)
  2 alligators
  A ghost crab (Swamp:2)
  2 ogre magi
  A death knight (Abyss:2)
  12 anacondas
  4 centaur warriors
  2 deep troll earth magi (Depths:2)
  2 catoblepae (Lair:2)
  3 boulder beetles
  4 deep troll shamans
  4 tengu warriors
  4 death yaks (Lair:3)
  6 thrashing horrors
  2 hell hogs (Abyss:3)
  33 dancing weapons
  2 orc high priests (Orc:1)
  16 naga sharpshooters
  14 naga warriors
  4 shock serpents
  2 sun demons
  15 deep elf knights
  4 spriggan berserkers
  9 hell knights (Depths:2)
  A goliath frog (shapeshifter) (Depths:2)
  3 iron trolls (Depths:2)
  3 titan skeletons
  The ghost of polpettosauro the Fighter, a novice OgGl of Yredelemnul (D:6)
  5 wretched stars
  A fire crab (shapeshifter) (Elf:3)
  A sea snake (Snake:2)
  A skyshark (Lair:5)
  11 salamander mystics
  A goliath frog (Swamp:3)
  An obsidian statue (D:10)
  15 swamp dragons
  11 naga ritualists
  A flayed ghost (Depths:2)
  A spectral hydra (Lair:4)
  2 shadow demons
  6 deep trolls
  8 bog bodies
  5 spriggan druids
  9 deep elf archers
  A spriggan simulacrum (Abyss:2)
  4 glowing orange brains
  4 lindwurms
  24 deep elf zephyrmancers
  An orange crystal statue (Depths:2)
  3 wizards
  Pikel (D:4)
  7 will-o-the-wisps
  23 deep elf pyromancers
  10 necromancers
  14 orc sorcerers
  3 orc knights
  8 mana vipers
  30 ugly things
  6 cyclopes
  2 shining eyes
  A black mamba (shapeshifter) (D:14)
  46 salamanders
  7 elephants
  2 worldbinders
  Maurice (D:11)
  40 black mambas
  2 rust devils
  4 smoke demons
  16 naga magi
  7 guardian serpents
  A centaur zombie (Abyss:1)
  2 ice statues (IceCv)
  A torpor snail (shapeshifter) (Depths:3)
  A demonic crawler (Abyss:2)
  12 cane toads
  2 torpor snails (Lair:1)
  2 apocalypse crabs
  4 molten gargoyles (Volcano)
  An unseen horror (D:12)
  4 gargoyles
  16 large abominations
  5 eyes of devastation
  The ghost of Zippel the Covert, a novice FeEn of Uskayaw (D:6)
  7 komodo dragons
  2 kobold demonologists
  A rime drake (shapeshifter) (Abyss:2)
  2 ice devils (Depths:2)
  A yaktaur (shapeshifter) (D:15)
  6 rime drakes
  2 efreet
  6 ancient zymes
  3 tengu conjurers
  2 red devils
  15 tyrant leeches
  3 hellwings
  4 trolls
  3 polar bears
  6 hornets
  A hornet (shapeshifter) (Elf:1)
  13 raiju
  8 dream sheep (Lair:5)
  11 blink frogs
  2 spectral black mambas (Lair:4)
  74 slime creatures
  Sigmund (D:7)
  A culicivora (shapeshifter) (Lair:5)
  6 spriggans
  3 air elementals
  2 shadows
  A flying skull (Abyss:1)
  5 hogs (D:15)
  6 wyverns
  2 fire elementals (Elf:1)
  47 yaks
  11 water elementals
  8 ynoxinuls
  9 wraiths
  A human (D:15)
  5 basilisks
  A steam dragon (Lair:2)
  9 neqoxecs
  5 golden eyes (Slime:2)
  14 vampire mosquitoes
  8 chaos spawn
  A redback (shapeshifter) (D:14)
  A catoblepas simulacrum (Lair:4)
  Edmund (D:7)
  5 wargs
  25 small abominations
  8 swamp worms
  59 nagas
  2 acid dragons
  A glowing shapeshifter zombie (Depths:3)
  A glowing shapeshifter skeleton (Depths:3)
  6 water moccasins
  11 swamp drakes
  2 black bears
  5 ice beasts
  44 orc warriors
  10 centaurs
  12 ogres
  22 wolves
  2 lemures (D:4)
  Blork the orc (D:5)
  7 bullfrogs
  2 kobold brigands (D:9)
  An earth elemental (Elf:1)
  8 necrophages
  3 cane toad simulacra
  2 gnoll sergeants
  3 scorpions
  A wight (Abyss:2)
  2 electric eels (Lair:1)
  5 howler monkeys
  3 lava snakes (Snake:3)
  2 quasits (Abyss:1)
  4 jellies
  24 orc priests
  3 hounds
  44 starcursed masses
  4 iron imps
  Terence (D:3)
  3 iguanas
  Natasha (thrice) (D:4)
  39 orc wizards
  A polar bear simulacrum (IceCv)
  Robin (D:2)
  20 gnolls
  10 adders
  2 shadow imps
  18 white imps
  4 ufetubi
  A worm (D:3)
  3 dart slugs
  124 orcs
  5 endoplasms
  14 goblins
  8 hobgoblins
  8 jackals
  2 quokkas (D:3)
  6 ball pythons
  4 bats
  2 frilled lizards
  13 kobolds
  3 rats
  2 lurking horrors
  4 starspawn tentacles (Abyss:1)
1765 creatures vanquished.

Vanquished Creatures (others)
  A deep elf zephyrmancer (Elf:2)
  An ugly thing (IceCv)
  A guardian serpent (Snake:4)
  2 bloated husks
  A raiju (Abyss:2)
  An orc wizard (Orc:1)
  An orc (Orc:2)
  17 foxfires
  2 lurking horrors
  10 starspawn tentacles
37 creatures vanquished.

Grand Total: 1802 creatures vanquished

Notes
Turn   | Place    | Note
-------+----------+-------------------------------------------
     0 | D:1      | Nicoed the Minotaur Fighter began the quest for the Orb.
     0 | D:1      | Reached XP level 1. HP: 19/19 MP: 0/0
   304 | D:1      | Reached XP level 2. HP: 27/27 MP: 1/1
   809 | D:2      | Found a faded altar of an unknown god.
  1063 | D:2      | Reached XP level 3. HP: 33/33 MP: 2/2
  1154 | D:2      | Noticed Robin
  1171 | D:2      | Killed Robin
  1642 | D:3      | Noticed Terence
  1652 | D:3      | Reached XP level 4. HP: 28/40 MP: 3/3
  1657 | D:3      | Killed Terence
  1658 | D:3      | Reached skill level 5 in Axes
  1862 | D:3      | Identified the +4 ring mail of the Pleiades {rElec rF-
                  | rCorr Str+4}
  1935 | D:3      | Found Seduef's Weapon Shoppe.
  2028 | D:3      | Found a shimmering blue altar of Sif Muna.
  2037 | D:3      | Reached XP level 5. HP: 25/46 MP: 0/4
  2117 | D:3      | Got Sif Muna's Incunabulum of Cold
  2122 | D:3      | Found a bloodstained altar of Trog.
  2154 | D:3      | You fall into a shaft and drop 1 floor!
  2156 | D:4      | Found Oryoxtukh's Assorted Antiques.
  2161 | D:4      | Noticed an ogre
  2303 | D:3      | Found a shadowy altar of Dithmenos.
  2498 | D:4      | Found Halier's Distillery.
  2518 | D:4      | Noticed a lemure
  2518 | D:4      | Noticed a lemure
  2518 | D:4      | Noticed a lemure
  2518 | D:4      | Noticed Pikel
  2520 | D:4      | Noticed a lemure
  2522 | D:4      | Killed a lemure
  2526 | D:4      | Killed a lemure
  2529 | D:4      | Killed Pikel
  2530 | D:4      | Reached XP level 6. HP: 38/52 MP: 3/5
  2530 | D:4      | Reached XP level 7. HP: 44/59 MP: 3/6
  2535 | D:4      | Found Ducize's Magic Scroll Boutique.
  2589 | D:4      | Found a blossoming altar of Fedhas.
  2824 | D:4      | Noticed Natasha
  2834 | D:4      | Reached skill level 10 in Axes
  2836 | D:4      | Killed Natasha
  2840 | D:4      | Found a sacrificial altar of Ru.
  3072 | D:4      | Found Jiest's Armour Shoppe.
  3228 | D:4      | Bought a potion of heal wounds for 65 gold pieces
  3228 | D:4      | Bought a potion of haste for 130 gold pieces
  3228 | D:4      | Bought a potion of curing for 39 gold pieces
  3247 | D:5      | Entered Level 5 of the Dungeon
  3857 | D:5      | Noticed Blork the orc
  3871 | D:5      | Killed Blork the orc
  3872 | D:5      | Reached XP level 8. HP: 41/66 MP: 4/7
  4197 | D:5      | Found an iron altar of Okawaru.
  4206 | D:5      | Became a worshipper of Warmaster Okawaru
  4311 | D:5      | Found an ancient bone altar of Kikubaaqudgha.
  4311 | D:5      | Found a glowing silver altar of Zin.
  4486 | D:4      | Noticed Natasha
  4496 | D:4      | Killed Natasha
  4893 | D:6      | Found a snail-covered altar of Cheibriados.
  5396 | D:6      | Reached * piety under Okawaru
  5405 | D:6      | Reached XP level 9. HP: 61/71 MP: 5/8
  5494 | D:6      | Found a runed translucent gate.
  5494 | D:6      | Found a runed translucent gate.
  5494 | D:6      | Found a runed translucent gate.
  5498 | D:6      | Noticed polpettosauro's ghost (novice OgGl)
  5498 | D:6      | Noticed Zippel's ghost (novice FeEn)
  5612 | D:6      | Found Anawa's Antique Armour Emporium.
  5802 | D:6      | Killed polpettosauro's ghost
  5820 | D:6      | Killed Zippel's ghost
  5820 | D:6      | Reached ** piety under Okawaru
  5821 | D:6      | Reached skill level 15 in Axes
  6252 | D:7      | Found an opulent altar of Gozag.
  6484 | D:7      | Noticed Edmund
  6489 | D:7      | Killed Edmund
  6522 | D:7      | Noticed Sigmund
  6535 | D:7      | Killed Sigmund
  6677 | D:7      | Found a staircase to the Ecumenical Temple.
  7058 | D:8      | Found Rebeebaj's Antique Armour Shop.
  7224 | D:8      | Reached XP level 10. HP: 70/78 MP: 6/9
  7225 | D:8      | Reached *** piety under Okawaru
  7319 | D:8      | Found a radiant altar of Vehumet.
  7337 | D:8      | Found a stormy altar of Qazlal.
  7813 | D:9      | Reached skill level 1 in Invocations
  8068 | D:9      | Found a basalt altar of Yredelemnul.
  8110 | D:9      | Found a staircase to the Lair.
  8170 | D:9      | Found a staircase to the Orcish Mines.
  8336 | D:9      | Found Figibb's Book Emporium.
  8629 | D:10     | Entered Level 10 of the Dungeon
  8641 | D:10     | Reached **** piety under Okawaru
  8907 | D:10     | Reached skill level 5 in Invocations
  8988 | D:10     | Noticed an obsidian statue
  9062 | D:10     | Found Witunk's Book Shoppe.
  9445 | D:10     | Found a glowing golden altar of the Shining One.
  9723 | D:4      | Bought a potion of flight for 39 gold pieces
  9723 | D:4      | Bought a potion of might for 52 gold pieces
  9723 | D:4      | Bought a potion of haste for 130 gold pieces
  9730 | D:4      | Noticed Natasha
  9735 | D:4      | Killed Natasha
  9740 | D:4      | Bought a scroll of blinking for 105 gold pieces
  9740 | D:4      | Bought a scroll of teleportation for 42 gold pieces
  9740 | D:4      | Bought a scroll of enchant weapon for 105 gold pieces
  9740 | D:4      | Bought a scroll of enchant armour for 105 gold pieces
  9740 | D:4      | Bought a scroll of identify for 28 gold pieces
  9740 | D:4      | Bought a scroll of teleportation for 42 gold pieces
  9740 | D:4      | Bought a scroll of identify for 28 gold pieces
  9898 | D:10     | Noticed a rust devil
  9899 | D:10     | Killed an obsidian statue
  9900 | D:10     | Reached XP level 11. HP: 84/84 MP: 6/14
  9968 | D:11     | Noticed Josephine
 10044 | Orc:1    | Entered Level 1 of the Orcish Mines
 10150 | Orc:2    | Entered Level 2 of the Orcish Mines
 10153 | Orc:2    | Found a dark tunnel.
 10162 | Volcano  | Entered a volcano
 10201 | Volcano  | Reached ***** piety under Okawaru
 10202 | Volcano  | Reached skill level 5 in Fighting
 10560 | Volcano  | Reached skill level 5 in Armour
 10685 | Volcano  | Noticed a deep elf pyromancer
 10692 | Volcano  | Noticed a salamander mystic
 10701 | Volcano  | Killed a salamander mystic
 10705 | Volcano  | Noticed a wizard
 10721 | Volcano  | Killed a wizard
 10741 | Volcano  | Killed a deep elf pyromancer
 10746 | Volcano  | Noticed an orb of fire
 10798 | Volcano  | Noticed an orb of fire
 10802 | Volcano  | Noticed an orc knight
 10826 | Volcano  | Received a gift from Okawaru
 10828 | Volcano  | Killed an orc knight
 11413 | Orc:2    | Noticed an orc sorcerer
 11415 | Orc:2    | Noticed an orc sorcerer
 11415 | Orc:2    | Paralysed by an orc sorcerer for 3 turns
 11417 | Orc:2    | Noticed a sun demon
 11436 | Orc:1    | Noticed an orc sorcerer
 11440 | Orc:1    | Killed an orc sorcerer
 11441 | Orc:1    | Noticed an orc warlord
 11480 | Orc:2    | Paralysed by an orc sorcerer for 3 turns
 11485 | Orc:2    | Killed an orc sorcerer
 11509 | Orc:2    | Killed an orc sorcerer
 11510 | Orc:2    | Reached XP level 12. HP: 26/104 MP: 2/16
 11753 | Orc:1    | Killed an orc warlord
 11754 | Orc:1    | Reached skill level 10 in Fighting
 11827 | Orc:1    | Found Ifemep's Armour Shop.
 11843 | Orc:1    | Noticed an orc warlord
 12109 | Orc:1    | Identified the +11 executioner's axe of the Old World
                  | {flame, MP+9} (Okawaru gifted it to you on level 1 of the
                  | Orcish Mines)
 12109 | Orc:1    | Received a gift from Okawaru
 12273 | Orc:1    | Noticed an orc high priest
 12295 | Orc:1    | Killed an orc high priest
 12380 | Orc:1    | Noticed an orc high priest
 12388 | Orc:1    | Killed an orc high priest
 12768 | Orc:1    | Killed an orc warlord
 13350 | Orc:2    | Found a staircase to the Elven Halls.
 13518 | Orc:2    | Noticed an ogre mage
 13518 | Orc:2    | Paralysed by an orc sorcerer for 2 turns
 13520 | Orc:2    | Found an ancient bone altar of Kikubaaqudgha.
 13523 | Orc:2    | Paralysed by an ogre mage for 4 turns
 13529 | Orc:2    | Reached ****** piety under Okawaru
 13530 | Orc:2    | Received a gift from Okawaru
 13531 | Orc:2    | Reached skill level 10 in Armour
 13535 | Orc:2    | Killed an ogre mage
 13537 | Orc:2    | Found Fedoaw's Antique Weapon Boutique.
 13564 | Orc:2    | Identified the +5 ring mail "Fets" {Dex+3} (Okawaru gifted
                  | it to you on level 2 of the Orcish Mines)
 13564 | Orc:2    | Received a gift from Okawaru
 13568 | Orc:2    | Reached XP level 13. HP: 79/121 MP: 18/18
 13773 | Orc:2    | Noticed Erolcha
 13775 | Orc:2    | Found a radiant altar of Vehumet.
 13779 | Orc:2    | Killed Erolcha
 13812 | Orc:2    | Found Gyab's Book Boutique.
 13830 | Orc:2    | Found Beucoune's Distillery.
 13844 | Orc:2    | Found Sugugg's Antique Armour Shop.
 13874 | Orc:2    | Bought a smoking buckler for 228 gold pieces
 13874 | Orc:2    | Identified the +2 buckler "Keseeti" {Will+ Regen+} (You
                  | bought it in a shop on level 2 of the Orcish Mines)
 13884 | Orc:2    | Bought a potion of curing for 45 gold pieces
 13884 | Orc:2    | Bought a potion of haste for 150 gold pieces
 13884 | Orc:2    | Bought a potion of mutation for 120 gold pieces
 13884 | Orc:2    | Bought a potion of might for 60 gold pieces
 14140 | Orc:1    | Bought the +0 pair of boots of the Shore {Will+ Regen+} for
                  | 290 gold pieces
 14494 | D:11     | Noticed Maurice
 14497 | D:11     | Killed Josephine
 14500 | D:11     | Killed Maurice
 14636 | D:11     | Paralysed by a hornet for 3 turns
 15138 | D:12     | Reached skill level 15 in Fighting
 15627 | D:12     | Noticed Frances
 15636 | D:12     | Killed Frances
 16449 | D:13     | Found a shimmering blue altar of Sif Muna.
 16550 | D:13     | Received a gift from Okawaru
 16597 | D:13     | Reached XP level 14. HP: 96/140 MP: 12/19
 16610 | D:14     | Found a gate to the Vaults.
 16854 | D:14     | Noticed Jorgrun
 16864 | D:14     | Killed Jorgrun
 16875 | D:14     | Identified the +4 chain mail "Niahini" {rF+ rC+ Dex+4}
                  | (Okawaru gifted it to you on level 14 of the Dungeon)
 16875 | D:14     | Received a gift from Okawaru
 17077 | D:14     | Noticed Louise
 17090 | D:14     | Killed Louise
 17263 | D:14     | Noticed Roxanne
 17502 | D:14     | Killed Roxanne
 17585 | D:15     | Entered Level 15 of the Dungeon
 17651 | D:15     | Noticed Kirke
 17663 | D:15     | Killed Kirke
 17759 | D:15     | Found a sparkling altar of Nemelex Xobeh.
 17836 | D:15     | Found Ruutey's Weapon Emporium.
 18052 | D:15     | Found a staircase to the Depths.
 18293 | Lair:1   | Entered Level 1 of the Lair of Beasts
 19186 | Lair:2   | Identified the +0 crystal plate armour of Mezcal {rC+ Will+
                  | Int+5 Stlth+} (Okawaru gifted it to you on level 2 of the
                  | Lair of Beasts)
 19186 | Lair:2   | Received a gift from Okawaru
 19188 | Lair:2   | Reached XP level 15. HP: 150/150 MP: 20/20
 19343 | Lair:2   | Identified the +6 war axe of a wizard's laboratory {freeze,
                  | rF++ rC+ MP+9 Dex-5}
 19392 | Lair:2   | Found a staircase to the Snake Pit.
 20035 | Lair:3   | Found a frozen archway.
 20049 | IceCv    | Entered an ice cave
 20057 | IceCv    | Found a transporter.
 20068 | IceCv    | Found a transporter.
 20156 | Lair:3   | Identified the +2 leather armour of the Land of Plenty
                  | {rCorr MP+9}
 20380 | Lair:3   | Found a staircase to the Swamp.
 20388 | Lair:3   | Reached skill level 15 in Armour
 20835 | Lair:4   | Identified the +1 sling of Fatigue {heavy, rPois}
 20923 | Lair:4   | Found a runed translucent gate.
 20923 | Lair:4   | Found a runed translucent gate.
 20923 | Lair:4   | Found a runed translucent gate.
 20928 | Lair:4   | Noticed polpettosauro's ghost (journeyman HuAE)
 21155 | Lair:4   | Found a runed translucent door.
 21160 | Lair:4   | Found a viscous altar of Jiyva.
 21161 | Lair:4   | Found a staircase to the Slime Pits.
 21520 | Lair:4   | Killed polpettosauro's ghost
 21718 | Lair:5   | Entered Level 5 of the Lair of Beasts
 21835 | Lair:5   | Received a gift from Okawaru
 21835 | Lair:5   | Found the +16 obsidian axe {drain, demonic, Mesm Drain Fly
                  | SInv}
 22009 | Lair:5   | Reached skill level 10 in Invocations
 22240 | Lair:5   | Received a gift from Okawaru
 22252 | Lair:5   | Reached XP level 16. HP: 131/162 MP: 22/22
 22321 | Lair:5   | Found a corrupted altar of Lugonu.
 22321 | Lair:5   | Found a one-way gate to the infinite horrors of the Abyss.
 22434 | Lair:5   | Found a runed translucent door.
 22434 | Lair:5   | Found a shimmering altar of Xom.
 22434 | Lair:5   | Noticed ymhsbmbesitwf's ghost (journeyman MiBe)
 22434 | Lair:5   | Identified the +5 battleaxe "Grim" {chaos, +Blink rC++
                  | Str+5}
 22932 | Lair:5   | Killed ymhsbmbesitwf's ghost
 23360 | Depths:1 | Entered Level 1 of the Depths
 23371 | Depths:1 | Found a broken altar of Ashenzari.
 23392 | Depths:1 | Found a one-way gateway to a ziggurat.
 23428 | Depths:1 | Noticed a tengu reaver
 23436 | Depths:1 | Killed a tengu reaver
 23446 | Depths:1 | Noticed a lich
 23448 | Depths:1 | Found a gateway to Hell.
 23452 | Depths:1 | Killed a lich
 23624 | Depths:1 | Found a runed translucent gate.
 23624 | Depths:1 | Found Piuceg's Assorted Antiques.
 23625 | Depths:1 | Found a runed translucent gate.
 23625 | Depths:1 | Found an opulent altar of Gozag.
 23625 | Depths:1 | Found a runed translucent gate.
 23625 | Depths:1 | Noticed a lich
 23626 | Depths:1 | Noticed lmSkywalker's ghost (adept DrTm)
 23674 | Depths:1 | Found Kued's Assorted Antiques.
 24059 | Depths:1 | Noticed a lich
 24069 | Depths:1 | Killed a lich
 24069 | Depths:1 | Identified the +3 battleaxe of the Sky {holy, +Blink rElec
                  | Int+3 Stlth+} (Okawaru gifted it to you on level 1 of the
                  | Depths)
 24069 | Depths:1 | Received a gift from Okawaru
 24301 | Depths:2 | Found a runed translucent door.
 24875 | Depths:2 | Found a one-way gate leading to the halls of Pandemonium.
 25010 | Depths:2 | Identified the +0 cloak of the Morning Star {MP+9 Int+2}
                  | (Okawaru gifted it to you on level 2 of the Depths)
 25010 | Depths:2 | Received a gift from Okawaru
 25329 | Depths:2 | Reached XP level 17. HP: 164/172 MP: 24/24
 25629 | Depths:2 | Identified the +6 halberd of the Land of Plenty {venom,
                  | rElec rF- rN+ Int+5}
 25738 | Depths:2 | Identified the staff of air "Owkisol" {rElec rF+ rC+ rN+
                  | Int+4}
 25748 | Depths:2 | Got the Incunabulum of Teratogeny and the Adder
 25749 | Depths:2 | Identified the +1 helmet of Qiruizol {rElec}
 26101 | Depths:2 | Got Qestaov's Precepts of Variable Amathomancy
 26268 | Depths:3 | Received a gift from Okawaru
 26617 | Depths:3 | Noticed a hellephant
 26626 | Depths:3 | Identified the +1 robe "Etui" {Str-5 Dex+3 SInv} (Okawaru
                  | gifted it to you on level 3 of the Depths)
 26626 | Depths:3 | Received a gift from Okawaru
 26636 | Depths:3 | Killed a hellephant
 26961 | Depths:3 | Found Dimain's Book Shop.
 27182 | Depths:4 | Entered Level 4 of the Depths
 27291 | Depths:4 | Noticed a golden dragon
 27299 | Depths:4 | Killed a golden dragon
 27602 | Depths:4 | Noticed a tentacled monstrosity
 27609 | Depths:4 | Killed a tentacled monstrosity
 27752 | Depths:4 | Reached XP level 18. HP: 150/184 MP: 26/26
 27976 | Depths:4 | Noticed a golden dragon
 27982 | Depths:4 | Killed a golden dragon
 28031 | Depths:4 | Found a gate to the Realm of Zot.
 28265 | Depths:4 | Noticed a lich
 28271 | Depths:4 | Killed a lich
 28271 | Depths:4 | Identified the +0 ring mail of the Blizzard {rPois rCorr
                  | Str+6} (Okawaru gifted it to you on level 4 of the Depths)
 28271 | Depths:4 | Received a gift from Okawaru
 28889 | D:4      | Bought a potion of might for 84 gold pieces
 28889 | D:4      | Bought a potion of might for 84 gold pieces
 28889 | D:4      | Bought a pair of runed gloves for 157 gold pieces
 29056 | Swamp:1  | Entered Level 1 of the Swamp
 29944 | Swamp:2  | You fall into a shaft and drop 1 floor!
 30019 | Swamp:3  | Found a broken altar of Ashenzari.
 30419 | Swamp:4  | Entered Level 4 of the Swamp
 30479 | Swamp:4  | Received a gift from Okawaru
 30569 | Swamp:4  | Noticed the 27-headed Lernaean hydra
 30575 | Swamp:4  | Killed the 24-headed Lernaean hydra
 30608 | Swamp:4  | Identified the +6 battleaxe of Cediug {flame, rPois Str-5
                  | Int+5 Stlth+} (Okawaru gifted it to you on level 4 of the
                  | Swamp)
 30608 | Swamp:4  | Received a gift from Okawaru
 30624 | Swamp:4  | Reached XP level 19. HP: 105/195 MP: 18/27
 30841 | Swamp:4  | Got a decaying rune of Zot
 31287 | Elf:1    | Entered Level 1 of the Elven Halls
 31362 | Elf:1    | Identified the +1 robe of the Stonemason {+Inv rElec}
                  | (Okawaru gifted it to you on level 1 of the Elven Halls)
 31362 | Elf:1    | Received a gift from Okawaru
 31477 | Elf:1    | Paralysed by an air elemental for 1 turns
 31503 | Elf:1    | Paralysed by an air elemental for 1 turns
 32076 | Elf:1    | You fall into a shaft and drop 1 floor!
 32076 | Elf:2    | Found a runed translucent gate.
 32076 | Elf:2    | Found a runed translucent gate.
 32076 | Elf:2    | Found a runed translucent gate.
 32243 | Elf:2    | Found Jeptiol's Antique Armour Shoppe.
 32672 | Elf:2    | Paralysed by an air elemental for 1 turns
 32677 | Elf:2    | Paralysed by an air elemental for 1 turns
 33007 | Elf:2    | Received a gift from Okawaru
 33380 | Elf:3    | Entered Level 3 of the Elven Halls
 33524 | Elf:3    | Found Batapt's Distillery.
 33525 | Elf:3    | Found Liohet's Distillery.
 33525 | Elf:3    | Found Zuluh's Magic Scroll Shop.
 33532 | Elf:3    | Reached skill level 27 in Axes
 33583 | Elf:3    | Found Qeto's Antique Armour Shop.
 33603 | Elf:3    | Bought a potion of haste for 130 gold pieces
 33603 | Elf:3    | Bought a potion of heal wounds for 65 gold pieces
 33603 | Elf:3    | Bought a potion of heal wounds for 65 gold pieces
 33603 | Elf:3    | Bought a potion of curing for 39 gold pieces
 33607 | Elf:3    | Bought 2 potions of haste for 200 gold pieces
 33607 | Elf:3    | Bought a potion of curing for 30 gold pieces
 33607 | Elf:3    | Bought a potion of haste for 100 gold pieces
 33607 | Elf:3    | Bought a potion of might for 40 gold pieces
 33607 | Elf:3    | Bought a potion of haste for 100 gold pieces
 33610 | Elf:3    | Bought a scroll of acquirement for 988 gold pieces
 33610 | Elf:3    | Acquired 1132 gold pieces
 33612 | Elf:3    | Acquired 919 gold pieces
 33614 | Elf:3    | Bought a scroll of enchant armour for 142 gold pieces
 33843 | Elf:3    | Received a gift from Okawaru
 33887 | Elf:3    | Reached XP level 20. HP: 162/207 MP: 24/28
 33922 | Elf:3    | Identified the ring of Hutaruc {rN+ MP+9 Str+5}
 34010 | Elf:3    | Identified the +0 cloak "Uluceng" {Rampage Str-5 Int+2
                  | Dex+5}
 34026 | Elf:3    | Identified the +5 short sword of the Boar {flame, *Noise
                  | rN++}
 34031 | Elf:3    | Identified the +10 scimitar of Wariness {heavy, Str+2
                  | Stlth+}
 34039 | Elf:3    | Identified the +4 chain mail of Disguise {rElec rCorr Int-5
                  | SInv} (Okawaru gifted it to you on level 3 of the Elven
                  | Halls)
 34039 | Elf:3    | Received a gift from Okawaru
 34738 | Elf:3    | Identified the +0 pair of boots of Zeittac {rC+}
 34743 | Elf:3    | Found the +8 lance "Wyrmbane" {slay drac, rPois rF+ rC+
                  | AC+3}
 34749 | Elf:3    | Got the Atlas of Composition and Putridity
 34753 | Elf:3    | Identified the amulet "Xozxoneg" {Faith rN+ Stlth+}
 34786 | Elf:3    | Identified the staff of air "Enuyggus" {rElec rC++ Dex+3}
 35080 | Snake:1  | Entered Level 1 of the Snake Pit
 35130 | Snake:1  | Reached skill level 1 in Polearms
 35141 | Snake:1  | Reached skill level 5 in Shields
 35469 | Snake:1  | Acquired the amulet "Yxkof" {Fly rN+++ Will- Regen+ Dex-2}
 35648 | Snake:1  | Found Byffe's Tremendous Tomes.
 36217 | Snake:2  | Found Faisarph's Distillery.
 36221 | Snake:2  | Bought a potion of cancellation for 136 gold pieces
 36455 | Snake:3  | Reached skill level 5 in Polearms
 37013 | Snake:3  | Received a gift from Okawaru
 37191 | Snake:3  | Reached skill level 10 in Shields
 37708 | Snake:4  | Entered Level 4 of the Snake Pit
 37760 | Snake:4  | Reached XP level 21. HP: 220/220 MP: 29/29
 37832 | Snake:4  | Found a flickering gateway to a bazaar.
 37838 | Bazaar   | Entered a bazaar
 37838 | Bazaar   | Found Bokh's Jewellery Shoppe.
 37838 | Bazaar   | Found Voheeckie's Antique Weapon Shoppe.
 37838 | Bazaar   | Found Qiattal's Book Emporium.
 37841 | Bazaar   | Found Murr's Jewellery Emporium.
 37855 | Bazaar   | Bought the ring of Mistrust {rN+ Will+ rCorr} for 588 gold
                  | pieces
 37855 | Bazaar   | Bought the brooch of Shielding {Spirit SH+8} for 1040 gold
                  | pieces
 37855 | Bazaar   | Bought the ring of Qeronloh {rF+ rN++ MP+9 Str+2 Dex+2} for
                  | 846 gold pieces
 37855 | Bazaar   | Found the brooch of Shielding {Spirit SH+8}
 38040 | Snake:4  | Identified the +10 plate armour of Negation {Slay+3}
                  | (Okawaru gifted it to you on level 4 of the Snake Pit)
 38040 | Snake:4  | Received a gift from Okawaru
 38541 | Snake:4  | Noticed Vashnia
 38559 | Snake:4  | Killed Vashnia
 38729 | Snake:4  | Got a serpentine rune of Zot
 39048 | Slime:1  | Entered Level 1 of the Pits of Slime
 39099 | Slime:2  | Noticed Dissolution
 39102 | Slime:2  | Gained mutation: [Your body sometimes deteriorates upon
                  | taking damage.] [a shining eye]
 39104 | Slime:2  | Gained mutation: [You occasionally shout uncontrollably at
                  | your foes.] [a shining eye]
 39105 | Slime:2  | Gained mutation: You are clumsy. (Dex -2) [a shining eye]
 39107 | Slime:2  | Gained mutation: [You are frail. (-10% HP)] [a shining eye]
 39112 | Slime:2  | Killed Dissolution
 39184 | Slime:4  | Gained mutation: [You are dopey. (Int -2)] [a shining eye]
 39185 | Slime:4  | Gained mutation: You are very clumsy. (Dex -4) [a shining
                  | eye]
 39188 | Slime:4  | Gained mutation: [You are very frail. (-20% HP)] [a shining
                  | eye]
 39206 | Slime:4  | Identified the +2 pair of gloves of Tender Moments {-Tele
                  | Harm Int+8} (Okawaru gifted it to you on level 4 of the
                  | Pits of Slime)
 39206 | Slime:4  | Received a gift from Okawaru
 39252 | Slime:5  | Entered Level 5 of the Pits of Slime
 39328 | Slime:5  | Found a viscous altar of Jiyva.
 39328 | Slime:5  | Noticed the Royal Jelly
 39355 | Slime:5  | Killed the Royal Jelly
 39373 | Slime:5  | Identified the ring "Xawkov Joupn" {rF+ Dex+4 SInv}
 39394 | Slime:5  | Identified the +11 plate armour "Oqiteapa" {rF+ Dex+2 SInv}
 39404 | Slime:5  | Identified the +10 hand axe "Muoborgh" {heavy, rF+ rCorr
                  | Str-4}
 39450 | Slime:5  | Got Sif Muna's Codex of Frostbite
 39458 | Slime:5  | Got a slimy rune of Zot
 39729 | Lair:5   | Voluntarily entered the Abyss.
 39780 | Abyss:1  | Found a corrupted altar of Lugonu.
 39928 | Abyss:1  | Found a corrupted altar of Lugonu.
 39961 | Abyss:1  | Reached skill level 10 in Polearms
 40107 | Abyss:1  | Found a corrupted altar of Lugonu.
 40142 | Abyss:1  | Paralysed by you for 3 turns
 40378 | Abyss:1  | Paralysed by accursed screaming for 1 turns
 40381 | Abyss:1  | Reached XP level 22. HP: 166/184 MP: 30/30
 40390 | Abyss:1  | Paralysed by accursed screaming for 1 turns
 40429 | Abyss:2  | Gained mutation: [Your spells are a little easier to cast,
                  | but a little less powerful.] [a shining eye]
 40438 | Abyss:2  | Found a corrupted altar of Lugonu.
 40441 | Abyss:2  | Found a corrupted altar of Lugonu.
 40441 | Abyss:2  | Found a corrupted altar of Lugonu.
 40532 | Abyss:2  | Found a corrupted altar of Lugonu.
 40552 | Abyss:2  | Lost intelligence.
 40565 | Abyss:2  | Identified the scarf "Vemeh" {shadows, rN+ Str+2 Slay+3}
                  | (Okawaru gifted it to you on level 2 of the Abyss)
 40565 | Abyss:2  | Received a gift from Okawaru
 40607 | Abyss:2  | Found a corrupted altar of Lugonu.
 40625 | Abyss:2  | Reached skill level 15 in Shields
 41043 | Abyss:3  | Lost intelligence.
 41060 | Abyss:3  | Gained mutation: [You occasionally lose the ability to
                  | drink potions when taking damage.] [a neqoxec]
 41065 | Abyss:3  | Lost mutation: [You occasionally lose the ability to drink
                  | potions when taking damage.] [a cacodemon]
 41069 | Abyss:3  | Gained mutation: [You occasionally lose the ability to read
                  | scrolls when taking damage.] [a cacodemon]
 41099 | Abyss:3  | Paralysed by accursed screaming for 2 turns
 41108 | Abyss:3  | Paralysed by accursed screaming for 1 turns
 41126 | Abyss:3  | Reached skill level 27 in Fighting
 41127 | Abyss:3  | Paralysed by accursed screaming for 1 turns
 41137 | Abyss:3  | Gained mutation: You do not regenerate when monsters are
                  | visible. [a neqoxec]
 41145 | Abyss:3  | Killed from afar by a wretched star

Illustrated notes

Levels and vault maps discovered:
D:1:      dpeg_arrival_ternary, layout_basic, glass_columns_a,
          kennysheep_doodads, chequers_garden, minivault_5, minmay_tromino_v7
D:2:      layout_basic, shapermc_ecumenical_altar_mp_vishouse, uniq_robin
D:3:      layout_loops_cross, nzn_overflow_gifts_of_might_and_magic,
          nicolae_dithmenos_the_darkroom, serial_shops,
          nicolae_shop_tiny_real_fake_doors, amcnicky_mini_corridor_feature,
          minmay_misc_feat_square, serial_bayou_crossing, uniq_terence
D:4:      layout_basic, fedhas_altar_1, nicolae_ru_awakened_eye, serial_shops,
          nicolae_square_shop, shop, shop, shop, uniq_natasha, uniq_pikel
D:5:      layout_loops_corners, kennysheep_okawaru_gauntlet,
          gammafunk_temple_overflow_wave, serial_bayou_lagoon_a,
          kennysheep_small_spiral, uniq_blork_the_orc
D:6:      layout_basic, mainiacjoe_overflow_chevrons, serial_shops,
          nicolae_shop_rolling_square, gammafunk_ghost_cemetery
D:7:      layout_loops_ring, lemuel_crystal_altar, minmay_temple_entry_ruins,
          chequers_serial_rivers_room_a, sigmund_edmund_badplayer
D:8:      layout_basic, nicolae_qazlal_general_emergency, vehumet_altar_wand_db,
          serial_shops, kennysheep_mini_moat
D:9:      layout_roguey, mainiacjoe_overflow_surrounded_room, lair_entry_dummy,
          hiddenorc2_lemuel, serial_shops, shop, special_room [special_room_orc]
D:10:     layout_roguey, mainiacjoe_overflow_alcove_1, serial_shops,
          nicolae_book_shop_shelving, minivault_15,
          chequers_serial_rivers_micro_a, minmay_fractal_squares_diagonal_5
D:11:     layout_long_grid, uniq_josephine, uniq_maurice
D:12:     layout_long_grid, special_room [special_room_orc], uniq_frances
D:13:     layout_roguey, kennysheep_orc_sif_temple
D:14:     layout_small_grid, erik_vaults_2, chequers_serial_rivers_marsh,
          uniq_roxanne, uniq_louise, uniq_jorgrun
D:15:     grunt_enter_depths_hoard, layout_cave_pools, serial_shops,
          nicolae_shop_pleasant_corner_grove, basic_altar, uniq_kirke
Lair:1:   layout_chaotic_city, serial_bayou_pond_d, pdpol_lair_cavern_descent
Lair:2:   layout_regular_city, dummy_snake_entry, chequers_serial_rivers_room_b,
          roderic_carrion_pond, grunt_megastairs_3
Lair:3:   layout_loops_ring, skrybe_swamp_entry_bodies,
          portal_ice_cave_entry_imps, grunt_forest_stairs_clearing
Lair:4:   layout_cave_shapes, slime_entry_2, gammafunk_ghost_necromancy,
          chequers_serial_rivers_room_a, chequers_serial_rivers_marsh
Lair:5:   hellmonk_lair_end_abyssal_woods, layout_gridlike, ebering_ghost_xom,
          nicolae_lair_lindhole
Swamp:1:  layout_basic_swamp, evilmike_swamp_ruin_house_4, nicolae_swamp_oxbows,
          infiniplex_staircase_pool
Swamp:2:  layout_basic_swamp, serial_swamp_ruin, evilmike_swamp_ruin_house_3,
          evilmike_swamp_ruin_house_1, swamp_pool3
Swamp:3:  layout_falls_marsh, lemuel_altar_in_water2, swamp_pool5
Swamp:4:  swamp, layout_basic_swamp
Snake:1:  layout_rooms, nicolae_shop_i_like_big_books
Snake:2:  layout_onion, serial_shops, nicolae_shop_back_alley_shop,
          serial_bayou_pond_b
Snake:3:  layout_layer_cave, nicolae_snake_biting_tails,
          nicolae_snake_salamander_zone
Snake:4:  johnstein_snake_rune_scales, layout_cave_town, serial_shops,
          bzr_entry_safe, grunt_megastairs_2
Slime:1:  layout_caves
Slime:2:  cheibrodos_slime_lost_civilization_8, layout_caves,
          cheibrodos_slime_lost_civilization_4, uniq_dissolution
Slime:3:  layout_caves
Slime:4:  nicolae_slime_pool, layout_caves, nicolae_slime_crime_time
Slime:5
Orc:1:    orc_temple, layout_caves, serial_shops, nicolae_diamond_shop,
          nooodl_orcs_dogs
Orc:2:    kennysheep_orc_mage_school, layout_diamond_mine,
          nicolae_volcano_entry_two_sided
Elf:1:    eino_elf_arrival_customs, layout_geoelf_diagonals,
          minmay_elf_necromancy, library_closet, hangedman_elf_power_crystal,
          fountainhead, grunt_megastairs_5
Elf:2:    nicolae_elf_blades_splatter_lattice [nicolae_blade_entry_pointy_end],
          layout_rooms, serial_shops, nicolae_shop_window_shopping
Elf:3:    grunt_elf_hall_asides, layout_onion_city, minmay_shoptagon
Depths:1: layout_long_grid, enter_ziggurat_e, ebering_ghost_gozag, hell_entry,
          kennysheep_donut, ashenzari_conservatory_becter, serial_bayou_shore_b
Depths:2: minmay_the_grid_square_5x5_3x3 [minmay_the_grid_square_5x5_one_wall,
          minmay_the_grid_square_5x5_c, minmay_the_grid_square_5x5_mess,
          minmay_the_grid_square_5x5_minimal,
          minmay_the_grid_square_5x5_megaprize_open,
          minmay_the_grid_square_5x5_inner_z, minmay_the_grid_square_5x5_slash,
          minmay_the_grid_square_5x5_percent,
          minmay_the_grid_square_5x5_fancy_junction], layout_basic,
          grunt_pan_entry_in_and_out, hell_entry,
          hangedman_abyss_or_decor_stabs, minmay_crystal_box,
          minmay_staircase_windowed_large
Depths:3: mu_elephants_graveyard, layout_gridlike, grunt_pan_entry_zigzag,
          dk_noncrumbling_3, abyss_entry_glasseish, serial_shops,
          nicolae_shop_window_shopping, hangedman_tar_grid_catacomb,
          kennysheep_generic_room_3, minmay_staircase_bubble
Depths:4: evilmike_zot_entry_gauntlet, layout_gridlike, hell_entry,
          grunt_ministairs_7, infiniplex_staircase_pool_lava
Abyss:3:  base: Lair:2, evilmike_abyss_exit_9, doesnt_abyss_rune_brain_food,
          doesnt_abyss_rune_brain_food, minivault_5

Skill      XL: |  1  2  3  4  5  6  7  8  9 10 11 12 13 14 15 16 17 18 19 20 21 22 |
---------------+-------------------------------------------------------------------+-----
Fighting       | 4 9 13 17 18 19 20 22 23 24 25 26 27 | 27.0
Shields        | 4 10 14 15 | 15.6
Armour         | 4 7 10 12 14 16 17 19 20 22 23 24 | 24.8
Axes           | 3 4 5 9 11 13 16 18 19 20 21 22 23 24 25 26 27 | 27.0
Invocations    | 6 7 8 10 11 12 | 12.0
Polearms       | 6 10 11 | 11.5

Action                     |  1- 3 |  4- 6 |  7- 9 | 10-12 | 13-15 | 16-18 | 19-21 | 22-24 || total
---------------------------+-------+-------+-------+-------+-------+-------+-------+-------++-------
  Melee: War axe           |    75 |    56 |    83 |   280 |       |       |       |       ||   494
         Headbutt          |    11 |     8 |    32 |    67 |   101 |   184 |   229 |    65 ||   697
         Battleaxe         |       |       |   161 |       |       |       |       |       ||   161
         Spear             |       |       |     2 |       |       |       |       |       ||     2
         Broad axe         |       |       |       |    93 |       |       |   688 |   279 ||  1060
         Executioner's axe |       |       |       |    99 |   612 |   754 |   380 |       ||  1845
  Throw: Dart              |       |       |     1 |    11 |     2 |       |       |       ||    14
 Invoke: Heroism           |       |       |     1 |    10 |     4 |     5 |     5 |     2 ||    27
         Finesse           |       |       |       |     4 |     4 |     3 |     3 |     2 ||    16
  Evoke: Phial of floods   |       |       |       |       |       |       |     1 |       ||     1
    Use: Potion            |       |     1 |     3 |    11 |     1 |     1 |    10 |       ||    27
         Scroll            |       |       |    13 |     8 |     5 |     6 |    17 |       ||    49
   Stab: Invisible         |       |       |       |    10 |       |       |       |       ||    10
         Petrified         |       |       |       |       |     2 |       |       |       ||     2
 Armour: Scale mail        |    34 |       |       |       |       |       |       |       ||    34
         Chain mail        |     6 |     3 |       |    67 |   130 |       |       |       ||   206
         Ring mail         |       |    20 |   118 |    48 |       |       |       |       ||   186
         Skin              |       |       |    30 |       |       |       |       |       ||    30
         Plate armour      |       |       |       |    22 |   105 |       |       |       ||   127
         Crystal plate arm |       |       |       |       |   171 |   230 |       |       ||   401
         Gold dragon scale |       |       |       |       |       |   335 |   677 |   106 ||  1118
  Dodge: Dodged            |    35 |    21 |   125 |   132 |   190 |   216 |   194 |    33 ||   946
  Block: Buckler           |    12 |    10 |     8 |       |       |       |       |       ||    30
         Kite shield       |       |       |     3 |   107 |       |       |   149 |       ||   259
         Tower shield      |       |       |       |       |       |       |   318 |   222 ||   540
